 Dungeon Crawl Stone Soup version 0.24-a0-779-g36f0aeb843 (webtiles) character file.

Game seed: 1431909101781744486, levelgen mode: deterministic

1211 Kohma the Blocker (level 8, 0/58 HPs)
             Began as a Formicid Fighter on Oct 8, 2019.
             Slain by an iguana (12 damage)
             ... on level 5 of the Dungeon.
             The game lasted 00:11:57 (6970 turns).

Kohma the Blocker (Formicid Fighter)                Turns: 6970, Time: 00:11:58

Health: 0/58       AC:  6    Str: 23    XL:     8   Next: 74%
Magic:  8/8        EV:  9    Int:  8    God:
Gold:   211        SH: 11    Dex: 10    Spells: 7/7 levels left

rFire    . . .     SeeInvis +   a - +0 trident
rCold    . . .     Gourm    .   c - +0 shield
rNeg     . . .     Faith    .   b - +0 scale mail
rPois    .         Spirit   .   (helmet unavailable)
rElec    .         Reflect  .   (no cloak)
rCorr    .         Harm     .   (no gloves)
MR       .....                  (no boots)
Stlth    ..........             (no amulet)
HPRegen  0.19/turn              l - ring of wizardry
MPRegen  0.11/turn              (no ring)

@: no status effects
A: permanent stasis, dig shafts and tunnels, four strong arms, antennae 3
a: Dig, Shaft Self


You were on level 5 of the Dungeon.
You were not hungry.

You visited 1 branch of the dungeon, and saw 6 of its levels.

You collected 211 gold pieces.

Inventory:

Hand Weapons
 a - a +0 trident (weapon)
Missiles
 g - 3 poisoned darts (quivered)
 h - 143 stones
 o - 3 curare-tipped darts
Armour
 b - a +0 scale mail (worn)
 c - a +0 shield (worn)
 u - a cursed +0 chain mail
Jewellery
 l - a ring of wizardry (left hand)
 v - an uncursed ring of wizardry
Wands
 n - a wand of iceblast (6)
Scrolls
 j - 3 scrolls of identify {unknown}
 k - 2 scrolls of random uselessness {unknown}
 m - 2 scrolls of magic mapping {unknown}
 p - 2 scrolls of enchant armour {unknown}
 q - a scroll of remove curse {unknown}
 s - a scroll of teleportation {unknown}
Potions
 d - 3 potions of might
 e - 2 potions of curing
 i - a potion of heal wounds {unknown}
 r - a potion of invisibility {unknown}
 t - a potion of berserk rage {unknown}
Comestibles
 f - 6 rations


   Skills:
 - Level 3.2 Fighting
 + Level 7.3 Polearms
 - Level 3.2 Armour
 - Level 9.0 Shields


You had 7 spell levels left.
You didn't know any spells.
Your spell library was empty.

Dungeon Overview and Level Annotations

Branches:
Dungeon (6/15)
 Temple: D:4-7

Altars:
Cheibriados
Elyvilon
Qazlal
Uskayaw
Zin
The Shining One


Innate Abilities, Weirdness & Mutations

You cannot be hasted, slowed, berserked, paralysed or teleported.
You can dig through walls and to a lower floor.
Your four strong arms can wield two-handed weapons with a shield.
You have a pair of large antennae on your head. (SInv)


Message History

The iguana is heavily wounded.
The iguana closely misses you.
You barely miss the iguana.
The iguana is heavily wounded.
The iguana bites you!
* * * LOW HITPOINT WARNING * * *
You puncture the iguana!
The iguana is almost dead.
You block the iguana's attack.
You hit the iguana but do no damage.
The iguana is almost dead.
The iguana bites you but does no damage.
You barely miss the iguana.
The iguana is almost dead.
The iguana bites you.
* * * LOW HITPOINT WARNING * * *
You barely miss the iguana.
The iguana is almost dead.
The iguana bites you!
You die...

..#....'........#..........#
..#....#........#..........#
..##...##.......#..........#
...#...##.......#..........#
...#...'........#..........#
...#...#######..#.[>.......#
...#<..#.....#..#..........#
...###'#....(####lo........#
................@###########
...).............#
.................#
........#####....#####
...######...#........#
...#........#........#
...#.................#
...#.................#
...#.#............#..#


You could see an iguana and an orc.

Vanquished Creatures
  An ice beast (D:5)
  A phantom (D:4)
  An ogre (D:3)
  A centaur (D:5)
  2 scorpions
  A howler monkey (D:4)
  A crimson imp (D:5)
  2 hounds (D:4)
  3 orc priests
  A centaur skeleton (D:4)
  4 orc wizards (D:5)
  4 worker ants
  2 iguanas
  A hound zombie (D:5)
  2 hound skeletons
  3 gnolls (D:1)
  5 adders
  A shadow imp (D:5)
  An ooze (D:1)
  3 adder skeletons
  2 worms (D:5)
  6 leopard geckos
  23 orcs
  10 bats
  2 giant cockroaches
  7 goblins
  3 hobgoblins
  11 jackals
  2 quokkas
  3 frilled lizards
  5 kobolds
  A leopard gecko skeleton (D:5)
  A quokka zombie (D:5)
  5 rats
121 creatures vanquished.

Notes
Turn   | Place    | Note
-------+----------+-------------------------------------------
     0 | D:1      | Kohma the Formicid Fighter began the quest for the Orb.
     0 | D:1      | Reached XP level 1. HP: 18/18 MP: 1/1
    28 | D:1      | Reached XP level 2. HP: 20/24 MP: 2/2
    74 | D:1      | Reached skill level 4 in Shields
   210 | D:1      | Reached XP level 3. HP: 25/29 MP: 3/3
   888 | D:1      | Reached XP level 4. HP: 20/35 MP: 4/4
  1480 | D:2      | Reached skill level 5 in Shields
  2492 | D:3      | Reached XP level 5. HP: 39/41 MP: 5/5
  3346 | D:3      | Noticed an ogre
  3364 | D:3      | Killed an ogre
  3364 | D:3      | Reached skill level 6 in Shields
  3364 | D:3      | Reached XP level 6. HP: 31/47 MP: 6/6
  3793 | D:4      | Noticed a phantom
  3840 | D:4      | Killed a phantom
  3840 | D:4      | Reached skill level 5 in Polearms
  3840 | D:4      | Reached XP level 7. HP: 21/52 MP: 7/7
  4240 | D:4      | Found a stormy altar of Qazlal.
  4276 | D:4      | Found a hide-covered altar of Uskayaw.
  4278 | D:4      | Noticed a +0 dagger
  4278 | D:4      | Noticed a +0 dagger
  4443 | D:4      | Reached skill level 7 in Shields
  5045 | D:5      | Entered Level 5 of the Dungeon
  5281 | D:5      | Reached XP level 8. HP: 58/58 MP: 8/8
  5306 | D:5      | Found a snail-covered altar of Cheibriados.
  5423 | D:5      | Reached skill level 8 in Shields
  6214 | D:5      | Found a white marble altar of Elyvilon.
  6217 | D:5      | Found a glowing silver altar of Zin.
  6217 | D:5      | Found a glowing golden altar of the Shining One.
  6565 | D:5      | Reached skill level 9 in Shields
  6970 | D:5      | Slain by an iguana

Levels and vault maps discovered:
D:1:      dpeg_arrival_arbitrary_c, layout_basic
D:2:      layout_loops_corners, first_ration
D:3:      layout_loops_cross, wander_ebering_terrifying_dragon_lair
D:4:      minmay_chambers_of_threes, layout_basic, dancing_weapons_uskayaw,
          nicolae_qazlal_general_emergency, wad_rectangle_vault
D:5:      cheibrodos_helix_gallery, layout_gridville, good_gods_mini_temple,
          kennysheep_mini, serial_rivers, chequers_serial_rivers_micro_a,
          chequers_serial_rivers_micro_c, chequers_serial_rivers_small_a,
          chequers_serial_rivers_micro_a
D:6:      layout_basic, yredelemnul_forgotten_temple_becter,
          chequers_ossuary_entry_cave, st_stairs_13, grunt_gozag_statues,
          uniq_crazy_yiuf_cottage, uniq_sigmund

Skill      XL: |  1  2  3  4  5  6  7  8 |
---------------+-------------------------+-----
Shields        | 4 5 6 7 9 |  9.0
Polearms       | 3 4 5 6 7 |  7.3
Fighting       | |  3.2
Armour         | |  3.2

Action                   |  1- 3 |  4- 6 |  7- 9 || total
-------------------------+-------+-------+-------++-------
Melee: Trident           |    62 |   220 |   325 ||   607
Throw: Dart              |       |     2 |     7 ||     9
       Stone             |       |       |     1 ||     1
  Use: Potion            |       |       |     1 ||     1
  Eat: Chunk             |       |     7 |     6 ||    13
       Ration            |       |     1 |     1 ||     2
Armor: Scale mail        |    21 |    69 |    58 ||   148
Dodge: Dodged            |    11 |    60 |    69 ||   140
Block: Shield            |    29 |   105 |   171 ||   305

Table legend:
 A = Non-vault XP
 B = Vault XP
 C = Vault XP percentage of total XP
 D = Non-vault monster count
 E = Vault monster count
 F = Vault count percentage of total count
                 A         B        C        D         E       F
            +---------+---------+-------+---------+---------+-------
      Total |    1488 |     242 |  14.0 |     108 |      13 |  10.7
            +---------+---------+-------+---------+---------+-------
        D:1 |      74 |       0 |   0.0 |      18 |       0 |   0.0
        D:2 |      38 |       0 |   0.0 |      13 |       0 |   0.0
        D:3 |     233 |       3 |   1.3 |      26 |       1 |   3.7
        D:4 |     321 |     233 |  42.1 |      18 |      10 |  35.7
        D:5 |     822 |       6 |   0.7 |      33 |       2 |   5.7
            +---------+---------+-------+---------+---------+-------
